Quirre, neutral male human Tourist --. .|... ...?d.. ....@%.[ |.<)G.. --...u -..- .- Quirre the Excursionist Experience level: 7 Strength: 15 Dexterity: 8 Constitution: 17 Intelligence: 12 Wisdom: 9 Charisma: 16 Health: 0(61) Energy: 26(26) Def: 12 Gold: 7 Moves: 7989 Dungeon seed: _B_mdTl9whMHpt3U Game ID: Quirre_1543840816 Your Inventory: Coins $ - 7 gold pieces Weapons a - 48 blessed +2 darts (in quiver) g - a blessed +5 scimitar named Due Process (weapon in hand) t - an uncursed +0 dwarvish short sword Armor e - an uncursed +0 Hawaiian shirt (being worn) f - an uncursed +0 pair of iron shoes (being worn) n - a cursed -1 pair of kicking boots p - an uncursed +0 dwarvish cloak s - an uncursed +0 dwarvish iron helm (being worn) u - a blessed +2 dwarvish cloak (being worn) W - an uncursed +0 dwarvish mithril-coat (being worn) Comestibles M - 2 uncursed tripe rations Rings J - a blessed +2 ring of gain strength X - an uncursed ring of protection from shape changers (on left hand) Wands m - an uncursed wand of secret door detection (0:14) v - an uncursed wand of lightning (0:6) w - an uncursed wand of speed monster (0:5) y - an uncursed wand of striking (0:7) C - an uncursed wand of magic missile (0:6) D - an uncursed wand of undead turning (0:7) E - an uncursed wand of undead turning (0:6) Tools k - an uncursed expensive camera (0:52) x - an uncursed oil lamp (lit) (0:1077) A - an uncursed tin whistle B - an uncursed oilskin sack G - an uncursed skeleton key H - an uncursed towel Gems q - an uncursed worthless piece of violet glass Contents of the oilskin sack: 1929 gold pieces 12 [blessed] [+3] darts 35 [uncursed] [+0] darts 8 [uncursed] [+0] silver arrows 3 uncursed food rations an uncursed orange a [uncursed] sprig of wolfsbane a [uncursed] tin [of jackal meat] a cursed scroll of blank paper an uncursed scroll of confuse monster an uncursed scroll of consecration an uncursed scroll of create monster an uncursed scroll of enchant armor an uncursed scroll of enchant weapon an uncursed scroll of genocide 4 uncursed scrolls of identify an uncursed scroll of light 4 uncursed scrolls of magic mapping a blessed scroll of punishment a blessed scroll of remove curse an uncursed scroll of remove curse an uncursed scroll of stinking cloud an uncursed spellbook of create monster an uncursed spellbook of dig an uncursed spellbook of extra healing an uncursed spellbook of identify a cursed potion of confusion an uncursed potion of extra healing an uncursed potion of healing an uncursed potion of invisibility 2 uncursed potions of object detection an uncursed potion of oil 2 uncursed potions of water a [uncursed] mirror Spells and supernatural/magical abilities: Name Level Category Fail Memory W - pray for help -- divine ? -- Your skills at the end: Miscellaneous Skills wands [Basic] Weapon Skills short sword [Basic] dart [Skilled] Spellcasting Skills Final Attributes: You were devoutly aligned. You were telepathic. You were protected from shape changers. You are dead. Vanquished creatures: a giant mimic a giant beetle a mountain nymph a giant spider a gnome king a snake 3 wood nymphs a fog cloud a shrieker 5 gnome lords 3 gnomish wizards a gray ooze a ghoul a paper golem 4 giant ants 3 floating eyes 8 dwarves a kobold lord 3 iguanas 4 rothes 3 jitterbugs a monkey 2 dwarf zombies a hobbit an acid blob 2 large kobolds 3 geckos 2 hobgoblins 5 cave spiders a yellow mold a red mold 24 gnomes 2 garter snakes 2 gnome zombies 2 kobolds 8 newts 2 goblins 9 sewer rats 4 grid bugs 5 lichens 3 kobold zombies 128 creatures vanquished. Voluntary challenges: You did not cause conflict. You did not have reflection. You were not displaced. You had been an atheist until turn 5539. You used a wielded weapon 120 times, starting on turn 320. You did not apply a unicorn horn. You did not use plumbed fixtures. You read items or engraved 1 time, starting on turn 934. You never genocided any monsters. You never polymorphed an object. You never changed form. You used no wishes. You never split a pudding. You never wrote Elbereth's name. You violated your moral code, losing 1 point of alignment, starting on turn 6895. Dungeon overview: The Dungeons of Doom: levels 1 to 6 Level 1 a fountain a long staircase Level 2 a fountain portal to Advent Calendar Level 3 stairs to The Gnomish Mines Level 4 some fountains Level 5 a general store, a fountain Level 6 many fountains The Gnomish Mines: levels 4 to 7 Level 4 stairs to The Dungeons of Doom Level 5 Level 6 many shops, a temple to The Lady, a magic chest, some fountains, a sink Level 7 <- You were here Advent Calendar: Level 4 many trees portal to The Dungeons of Doom History has recorded: On T:1 you entered the Dungeons of Doom to retrieve the Amulet of Yendor! On T:364 you reached level 2 of The Dungeons of Doom. On T:711 you reached level 4 of The Dungeons of Doom. On T:731 you reached level 3 of The Dungeons of Doom. On T:822 you advanced to experience level 2. On T:941 you reached level 5 of The Dungeons of Doom. On T:983 you advanced to experience level 3. On T:1936 you reached level 1 of Advent Calendar. On T:2011 you advanced to experience level 4. On T:4683 you reached level 6 of The Dungeons of Doom. On T:5120 you advanced to experience level 5. On T:5498 you reached level 1 of The Gnomish Mines. On T:5539 you prayed to The Lady. On T:6294 you reached level 2 of The Gnomish Mines. On T:6313 you advanced to experience level 6. On T:6652 you reached level 3 of The Gnomish Mines. On T:6926 you opened a magic chest. On T:7057 you entered the Minetown temple On T:7405 you advanced to experience level 7. On T:7964 you reached level 4 of The Gnomish Mines. Score breakdown: Gold: 1522 ( 152 points) Experience: 7 levels ( 600 points) Exploration: 7 levels ( 180 points) Discoveries: 46 items ( 2000 points) Variety of kills: 41 monsters ( 2000 points) Major goal: reached Minetown ( 500 points) Survival: died (score multiplied by 3) Total score: 16296 Latest messages: The giant spider bites! The giant spider misses. The giant spider bites! The giant spider moves its spinnerets around you. You kill the giant spider! The dagger hits Snert! The dagger misses Snert. You are stuck to the web. Snert picks up a giant spider corpse. The gnome king hurls a smoky potion! The vial crashes on your head and breaks into shards. This burns! The gnome king punches you! You slash the gnome king! The gnome king punches you! The gnome king misses. You hack the gnome king. The gnome king punches you! Snert drops a giant spider corpse. The gnome king punches you! You die... Final status: Aloha Quirre the Tourist, killed by a gnome king... You died in The Gnomish Mines on dungeon level 7 with 16296 points, and 1936 pieces of gold, after 7989 moves. You were level 7 with a maximum of 61 hit points when you died.